 Dungeon Crawl Stone Soup version 0.20.1-1-g8b1a95d66d (webtiles) character file.

1187 Jerry the Skirmisher (level 8, -1/64 HPs)
             Began as a Merfolk Fighter on Nov 14, 2017.
             Was an Initiate of Ru.
             Slain by Pikel
             ... wielding a +1 whip of electrocution
              (11 damage)
             ... on level 5 of the Dungeon on Nov 15, 2017.
             The game lasted 00:16:38 (5888 turns).

Jerry the Skirmisher (Merfolk Fighter)              Turns: 5888, Time: 00:16:39

Health: -1/64      AC: 12    Str: 17    XL:     8   Next: 43%
Magic:  8/8        EV: 16    Int:  7    God:    Ru [......]
Gold:   146        SH:  0    Dex: 13    Spells: 3/7 levels left

rFire    . . .     SeeInvis .   a - +0 long sword
rCold    . . .     Gourm    .   (no shield)
rNeg     . . .     Faith    .   b - +0 scale mail
rPois    .         Spirit   .   (no helmet)
rElec    .         Reflect  .   (no cloak)
rCorr    .         Harm     .   t - +1 pair of gloves
MR       .....                  w - +2 pair of boots
Stlth    ..........             (no amulet)
Regen    0.2/turn               y - -2 ring of strength (curse)
MPRegen  0.2/turn               C - +4 ring of evasion

@: no status effects
A: change form in water, swift swim, stealthy swim
a: Sacrifice Stealth, Sacrifice Courage, Sacrifice Resistance, Reject
Sacrifices, Renounce Religion


You were on level 5 of the Dungeon.
You worshipped Ru.
Ru was noncommittal.
You were hungry.

You visited 2 branches of the dungeon, and saw 7 of its levels.
You also visited: Sewer.

You collected 146 gold pieces.

Inventory:

Hand Weapons
 a - a +0 long sword (weapon)
Armour
 b - a +0 scale mail (worn)
 c - a +0 shield
 t - a +1 pair of gloves (worn)
 w - a +2 pair of boots (worn)
Jewellery
 h - an uncursed ring of protection from magic
 x - a +3 ring of evasion
 y - a cursed -2 ring of strength (left hand)
 B - an uncursed ring of positive energy
 C - a +4 ring of evasion (right hand)
 G - an uncursed ring of stealth {unknown}
 H - an uncursed ring of protection from cold {unknown}
Wands
 D - a wand of iceblast (13/15)
 E - a wand of confusion (31/48)
Scrolls
 e - 5 scrolls of identify
 m - a scroll of magic mapping
 o - 3 scrolls of fear
 s - 6 scrolls of teleportation
 u - a scroll of enchant armour
 v - 2 scrolls of fog
 I - a scroll of enchant weapon {unknown}
Potions
 d - a potion of might
 g - a potion of berserk rage
 i - 6 potions of curing
 k - a potion of brilliance
 q - a potion of resistance {unknown}
 r - 2 potions of mutation {unknown}
 z - 3 potions of lignification {unknown}
 A - a potion of invisibility {unknown}
 F - a potion of flight {unknown}
Comestibles
 f - 5 bread rations
 j - 5 royal jellies
 l - 2 chunks of flesh
 n - 2 meat rations
 p - 7 fruits


   Skills:
 + Level 6.2 Fighting
 + Level 5.9 Long Blades
 + Level 4.2 Armour
 + Level 6.1 Dodging
 - Level 3.0 Shields


You had 3 spell levels left.
You knew the following spells:

 Your Spells              Type           Power        Failure   Level  Hunger
a - Animate Skeleton      Necr           N/A          83%         1    ##.....
b - Regeneration          Chrm/Necr      #.........   99%         3    ####...


Dungeon Overview and Level Annotations

Branches:
Dungeon (6/15)             Temple (1/1) D:4

Altars:
Ashenzari
Cheibriados
Dithmenos
Fedhas
Gozag
Hepliaklqana
Makhleb
Nemelex Xobeh
Okawaru
Qazlal
Ru
Sif Muna
Trog
Uskayaw
Vehumet
Xom
Yredelemnul
Zin
The Shining One

Annotations:
D:3 Jerry's ghost, amateur MfGl
D:5 Pikel
D:6 NullDivider's ghost, amateur FeEn


Message History

You slash Pikel!
Pikel is lightly wounded.
The slave misses you.
You riposte.
You closely miss the slave. Pikel barely misses you.
You miss Pikel.
Pikel is lightly wounded.
The slave hits you! Pikel hits you but does no damage.
You are electrocuted!
You hit Pikel.
Pikel is moderately wounded.
The slave completely misses you.
Pikel hits you with a whip of electrocution.
You are electrocuted!
* * * LOW HITPOINT WARNING * * *
You closely miss Pikel.
Pikel is moderately wounded.
The slave closely misses you.
Pikel hits you with a whip of electrocution!
* * * LOW HITPOINT WARNING * * *
You are electrocuted!
You die...

....# #..###........#
#.#.# #..##.(...#.###
#.#^# #<..(.....###
#.#.#### ##(##....#####
.......#
#.###...#.#∩###
#.#.##.# #.#
##.##.._..# #.#.##.#
#.# #.###....# #...##.#
##)# #K###...##
#...##.# #.># #@##.)..#
#...##.# #.## #.p.....#
#...##.# #.# ###..#.##
.......# #.# #..#.#
#####..# #.# #..#.# #
#..###.# #..#.# #
#...##.#######..#.# #
#...............#.#
#####..)##.##.#####.#.#


You could see Pikel and a slave.

Vanquished Creatures
  Grinder (D:3)
  Purgy (Sewer)
  A sky beast (D:5)
  A centaur (D:5)
  An ogre (D:5)
  A bullfrog (D:6)
  2 howler monkeys (D:4)
  2 crimson imps (D:5)
  A quasit (D:5)
  3 hounds
  2 bullfrog skeletons
  A worker ant (D:5)
  A hound skeleton (D:5)
  A howler monkey skeleton (D:5)
  8 adders
  2 adder skeletons (D:5)
  5 worms
  3 dart slugs
  2 leopard geckos
  13 orcs
  8 bats
  8 giant cockroaches
  6 goblins
  8 hobgoblins
  6 jackals
  11 kobolds
  2 quokkas
  A ball python (D:2)
  6 frilled lizards
  A quokka zombie (D:5)
  9 rats
118 creatures vanquished.

Notes
Turn   | Place    | Note
-------+----------+-------------------------------------------
     0 | D:1      | Jerry the Merfolk Fighter began the quest for the Orb.
     0 | D:1      | Reached XP level 1. HP: 18/18 MP: 1/1
   269 | D:1      | Reached XP level 2. HP: 21/24 MP: 2/2
   808 | D:1      | Reached skill level 1 in Dodging
  1255 | D:2      | Reached XP level 3. HP: 28/29 MP: 3/3
  1655 | D:2      | Reached XP level 4. HP: 20/37 MP: 4/4
  2247 | D:2      | Found a sparkling altar of Nemelex Xobeh.
  2384 | D:3      | Noticed Grinder
  2525 | D:3      | Killed Grinder
  2525 | D:3      | Reached XP level 5. HP: 17/43 MP: 5/5
  2525 | D:3      | Reached XP level 6. HP: 20/49 MP: 6/6
  2817 | D:3      | Noticed Jerry's ghost (amateur MfGl)
  3977 | D:4      | Reached skill level 5 in Fighting
  4229 | D:4      | Reached XP level 7. HP: 53/56 MP: 7/7
  4252 | D:4      | Found a staircase to the Ecumenical Temple.
  4354 | Temple   | Entered the Ecumenical Temple
  4484 | Temple   | Became a worshipper of Ru the Awakened
  4879 | D:4      | Learned a level 1 spell: Animate Skeleton
  4883 | D:4      | Learned a level 3 spell: Regeneration
  4909 | D:5      | Entered Level 5 of the Dungeon
  4950 | D:5      | Found an iron altar of Okawaru.
  5005 | D:5      | Reached skill level 5 in Long Blades
  5063 | D:5      | Reached skill level 5 in Dodging
  5260 | D:5      | Reached XP level 8. HP: 61/64 MP: 8/8
  5403 | D:5      | Found a glowing drain.
  5407 | Sewer    | Entered a sewer
  5410 | Sewer    | Noticed Purgy
  5417 | Sewer    | Killed Purgy
  5638 | D:5      | Found a burning altar of Makhleb.
  5675 | D:6      | Noticed NullDivider's ghost (amateur FeEn)
  5872 | D:6      | Noticed Pikel
  5888 | D:5      | Slain by Pikel

Skill      XL: |  1  2  3  4  5  6  7  8 |
---------------+-------------------------+-----
Dodging        | 1 3 4 5 6 |  6.1
Long Blades    | 3 4 5 |  5.9
Fighting       | 4 5 6 |  6.2
Armour         | 3 4 |  4.2
Shields        | |  3.0

Action                   |  1- 3 |  4- 6 |  7- 9 || total
-------------------------+-------+-------+-------++-------
Melee: Long sword        |    97 |   163 |   179 ||   439
       Tailslap          |       |       |     2 ||     2
  Use: Potion            |     1 |       |       ||     1
       Scroll            |       |     4 |     8 ||    12
  Eat: Chunk             |     2 |     6 |     3 ||    11
       Meat ration       |       |     1 |       ||     1
Armor: Scale mail        |    54 |    66 |    74 ||   194
Dodge: Dodged            |    59 |   103 |   186 ||   348
       Rpst.: Long sword |    20 |    38 |    48 ||   106
